Map: Ever Dream LE

Players

RedPeppery

  • Race: Terran Terran
  • League: Silver
  • Spawn Location: 7:00

antagomiR - Winner!

  • Race: Protoss Protoss
  • League: Gold
  • Spawn Location: 1:00

VOD

Have the link to the VOD?

Description

Time

  • Played on: April 21, 2020, 3:13 p.m.
  • Length: 23:43
Show
View Real Time Build Order
Export as new Build Order

RedPeppery Terran 

Build Orders:  

Get SALT Encoding   

  12  0:01  SCV  
  13  0:14  SCV  
  14  0:26  Supply Depot  
  14  0:27  SCV  
  15  0:47  SCV  
  16  0:50  Barracks  
  16  1:00  SCV  
  17  1:07  Barracks  
  17  1:12  Barracks  
  17  1:14  SCV  
  18  1:20  Refinery  
  18  1:30  SCV  
  19  1:43  Refinery, Orbital Command  
  19  1:45  Marine  
  20  1:56  Marine, Supply Depot  
  21  2:02  Marine  
  21  2:08  Marine  
  23  2:26  Barracks Tech Lab  
  23  2:27  Barracks Tech Lab  
  23  2:28  Barracks  
  23  2:29  Marine  
  24  2:31  SCV  
  25  2:46  Combat Shield  
  25  2:47  Marine  
  26  2:52  Marine, Marauder  
  26  2:55  SCV  
  30  3:04  Marine  
  31  3:17  Supply Depot  
  31  3:18  Stimpack  
  31  3:36  Marine x4, SCV  
  36  3:44  Barracks  
  36  3:48  SCV  
  36  3:54  Marine  
  38  3:56  Marine x2  
  38  3:58  Marauder  
  42  4:03  SCV  
  43  4:14  Marine x2, Marauder  
  47  4:26  Supply Depot  
  47  4:32  Marine  
  48  4:51  Marine x2, Marauder  
  48  4:52  Marine x2  
  54  5:09  Marine x3  
  57  5:17  Command Center  
  33  6:00  Marauder x2  
  33  6:01  Marine x3  
  39  6:21  Marauder  
  41  6:36  Factory  
  41  6:40  Factory x2  
  41  6:46  Factory  
  41  7:24  Command Center  
  41  7:32  Armory  
  41  7:33  Factory Tech Lab x2  
  41  7:34  Factory Tech Lab x2  
  41  7:46  Orbital Command  
  41  8:05  Command Center  
  41  8:12  SCV  
  42  8:24  SCV  
  43  8:31  Thor x2  
  55  8:36  SCV  
  56  8:45  Refinery  
  56  8:48  Refinery  
  56  8:49  SCV  
  57  8:55  Orbital Command  
  57  9:01  SCV  
  58  9:08  Thor  
  64  9:10  Thor  
  64  9:13  SCV  
  71  9:24  Thor  
  71  9:25  SCV  
  78  9:37  SCV  
  79  9:43  Engineering Bay  
  79  9:58  Siege Tank x2  
  79  9:59  Siege Tank  
  88  10:09  Orbital Command  
  88  10:44  SCV  
  89  10:56  SCV  
  90  11:08  SCV  
  91  11:20  SCV, Thor x2  
  104  11:29  Thor x2  
  105  11:46  Orbital Command  
  104  12:14  Siege Tank x3  
  113  12:34  Refinery  
  113  12:36  Refinery  
  113  12:38  Marine x2  
  113  12:39  Marine  
  116  12:50  Marine x2  
  118  12:56  Marine x3  
  118  12:57  Supply Depot  
  121  13:08  Marine x2  
  123  13:14  Marine  
  123  13:18  Marine x2  
  126  13:28  Supply Depot  
  126  13:52  SCV  
  127  14:04  SCV, Thor x2  
  127  14:05  Thor  
  146  14:16  SCV  
  147  14:23  Thor  
  147  14:24  Refinery  
  98  15:15  Siege Tank  
  98  15:16  Siege Tank x3  
  110  15:45  Marauder x2  
  110  15:46  Marine  
  110  15:47  Marine x2  
  110  15:48  Siege Tank  
  120  16:04  Marine x3  
  120  16:07  Marauder x2  
  127  16:22  Marine x3  
  127  16:23  Orbital Command  
  130  16:28  Marine, Marauder  
  133  16:59  Marine x5, SCV  
  139  17:06  Supply Depot  
  139  17:11  SCV  
  140  17:17  Marine  
  141  17:28  SCV  
  142  17:30  Supply Depot  
  142  17:53  Supply Depot  
  139  18:14  Siege Tank x3  
  139  18:15  Siege Tank  
  139  18:16  Supply Depot  
  151  18:39  Supply Depot  
  150  18:46  Siege Tank  
  69  19:02  Supply Depot  
  54  19:16  Orbital Command  
  54  19:25  Thor x2  
  54  19:26  Thor x2, Supply Depot  
  78  19:39  Marine x5  
  83  19:53  Supply Depot  
  83  19:57  Marine x5  
  88  20:08  Thor  
  90  20:14  Marine  
  90  20:15  Marine x4  
  95  20:32  Marine  
  96  22:02  Marine x3  
  96  22:03  Marine x2  
  101  22:20  Marine x4  
  101  22:21  Marine  
  95  22:38  Marine x4  
  95  22:39  Marine  
  85  22:56  Marine x5  
  90  23:13  Marine  
  90  23:14  Marine x4  
Show
View Real Time Build Order
Export as new Build Order

antagomiR Protoss - Winner!

Build Orders:  

Get SALT Encoding   

  12  0:01  Probe  
  13  0:13  Probe  
  14  0:17  Pylon  
  14  0:25  Probe  
  15  0:36  Gateway  
  15  0:40  Probe (Chrono Boost)  
  17  0:50  Probe (Chrono Boost), Assimilator  
  17  0:55  Probe (Chrono Boost)  
  18  1:07  Probe  
  19  1:26  Probe  
  20  1:39  Assimilator  
  20  1:43  Cybernetics Core  
  20  1:44  Pylon  
  20  1:51  Probe  
  21  2:05  Probe  
  22  2:17  Probe  
  22  2:19  Warp Gate  
  22  2:21  Adept  
  25  2:29  Probe, Robotics Facility  
  26  2:40  Nexus  
  26  2:41  Pylon  
  26  2:53  Stalker (Chrono Boost)  
  26  2:54  Pylon  
  26  2:55  Gateway  
  26  2:58  Probe  
  29  3:10  Probe  
  30  3:27  Probe  
  30  3:29  Sentry  
  30  3:34  Immortal (Chrono Boost)  
  33  3:39  Probe  
  38  3:43  Gateway  
  38  3:46  Pylon  
  38  3:53  Probe x2  
  40  4:05  Probe, Immortal (Chrono Boost)  
  45  4:10  Probe  
  45  4:12  Sentry  
  45  4:16  Adept  
  50  4:21  Probe  
  50  4:22  Probe  
  52  4:29  Pylon  
  52  4:34  Probe  
  53  4:40  Probe  
  53  4:44  Pylon  
  54  4:46  Observer  
  54  4:50  Stalker x2  
  59  4:53  Probe  
  59  4:54  Probe  
  59  4:59  Assimilator  
  61  5:03  Assimilator  
  61  5:06  Probe  
  61  5:18  Immortal  
  61  5:21  Probe  
  66  5:22  Zealot x2  
  66  5:26  Probe  
  71  5:33  Probe  
  71  5:35  Zealot  
  68  5:38  Probe  
  61  5:52  Probe x2  
  61  5:55  Zealot  
  65  5:57  Immortal, Sentry x2  
  73  6:09  Probe x2, Robotics Bay  
  71  6:19  Zealot  
  73  6:31  Probe x2, Shield Battery  
  75  6:34  Shield Battery  
  75  6:37  Stalker  
  77  6:49  Pylon  
  77  6:53  Pylon  
  77  6:55  Probe  
  77  6:56  Pylon  
  77  6:57  Pylon  
  78  7:03  Pylon  
  78  7:07  Probe, Immortal (Chrono Boost)  
  83  7:17  Probe  
  83  7:19  Probe  
  85  7:29  Probe  
  86  7:31  Nexus  
  86  7:38  Extended Thermal Lance (Chrono Boost)  
  86  7:39  Pylon  
  86  7:42  Probe x2  
  86  7:43  Colossus (Chrono Boost)  
  94  7:51  Forge  
  94  7:54  Probe, Twilight Council  
  94  7:58  Pylon  
  95  8:00  Zealot x3  
  95  8:01  Pylon  
  101  8:16  Shield Battery  
  101  8:18  Assimilator  
  101  8:21  Pylon  
  101  8:24  Gateway  
  101  8:25  Gateway  
  101  8:30  Protoss Ground Weapons Level 1  
  101  8:43  Observer  
  101  8:46  Zealot x2  
  101  8:47  Charge (Chrono Boost), Zealot  
  108  8:58  Gateway  
  108  9:01  Photon Cannon  
  114  9:12  Probe x2  
  116  9:17  Probe  
  117  9:24  Probe  
  117  9:25  Probe  
  117  9:29  Probe  
  114  9:32  Immortal  
  114  9:36  Probe  
  114  9:37  Probe  
  120  9:39  Robotics Facility  
  120  9:41  Probe  
  121  9:48  Zealot x4  
  121  9:49  Probe, Zealot  
  121  9:50  Probe  
  133  9:59  Probe  
  134  10:01  Probe  
  134  10:02  Probe  
  136  10:08  Photon Cannon  
  136  10:09  Photon Cannon  
  136  10:10  Photon Cannon  
  136  10:11  Photon Cannon  
  136  10:12  Assimilator  
  136  10:16  Pylon, Shield Battery  
  140  10:21  Immortal (Chrono Boost)  
  140  10:41  Zealot  
  140  10:42  Zealot x5  
  150  10:43  Immortal (Chrono Boost)  
  150  10:46  Protoss Ground Weapons Level 2 (Chrono Boost)  
  156  10:56  Probe x3  
  159  11:02  Pylon  
  159  11:03  Pylon  
  159  11:19  Probe x3  
  159  11:21  Zealot x4  
  159  11:22  Zealot x2  
  174  11:41  Immortal x2 (Chrono Boost)  
  182  12:12  Immortal  
  186  12:29  Pylon  
  186  12:32  Nexus  
  186  12:33  Pylon, Gateway  
  186  12:35  Gateway  
  186  12:37  Pylon  
  186  12:39  Zealot  
  186  12:40  Pylon  
  188  12:48  Immortal  
  192  12:51  Immortal  
  192  12:56  Pylon  
  196  13:01  Pylon  
  196  13:02  Protoss Ground Armor Level 1 (Chrono Boost)  
  196  13:04  Pylon  
  196  13:07  Assimilator  
  196  13:09  Assimilator  
  196  13:12  Zealot x2  
  200  13:13  Photon Cannon  
  200  13:16  Photon Cannon  
  200  13:18  Photon Cannon  
  162  14:37  Zealot x2  
  162  14:38  Zealot x5  
  152  14:40  Immortal x2 (Chrono Boost)  
  152  14:41  Zealot  
  164  15:02  Protoss Ground Weapons Level 3 (Chrono Boost)  
  164  15:15  Immortal x2 (Chrono Boost)  
  172  15:27  Stargate  
  172  15:29  Stargate  
  172  15:38  Stargate  
  172  15:45  Zealot x3  
  172  15:46  Zealot x5  
  172  15:48  Immortal x2  
  192  16:07  Probe  
  193  16:26  Fleet Beacon  
  193  16:29  Photon Cannon  
  193  16:34  Pylon  
  193  16:35  Immortal  
  193  16:39  Zealot  
  199  16:49  Stargate  
  199  16:55  Stargate  
  199  17:28  Nexus  
  199  17:31  Pylon  
  199  17:33  Pylon  
  199  17:38  Unknown  
  199  17:43  Protoss Ground Armor Level 2 (Chrono Boost)  
  143  18:57  Zealot x4  
  143  18:58  Zealot x4  
  139  19:05  Tempest x2 (Chrono Boost)  
  139  19:06  Tempest x3 (Chrono Boost)  
  156  19:35  Protoss Air Weapons Level 1 (Chrono Boost)  
  156  19:41  Tempest x3 (Chrono Boost)  
  156  19:42  Tempest x2 (Chrono Boost)  
  156  19:45  Zealot x3  
  183  19:46  Zealot x5  
  197  20:10  Protoss Shields Level 1  
  197  20:18  Zealot  
  199  21:36  Protoss Air Armor Level 1 (Chrono Boost)  
Tags
 
Matchup
PvT
Replay Pack
20200422
Spawn Locations
Cross Positions
Add a new tag
Caveats
  • Supply blocks, unpowered buildings, or Contaminate may cause inaccurate times.
  • Supply counts are checked every 10 seconds.